 Dungeon Crawl Stone Soup version 0.30-a0-639-g3916f1956a (webtiles) character file.

Game seed: 246613131915687958

2571 NinjaNoafa the Summoner (level 9, 0/66 HPs)
             Began as a Gnoll Summoner on Jan 15, 2023.
             Was a Follower of Cheibriados.
             Killed from afar by an electric eel (13 damage)
             ... with a bolt of electricity
             ... on level 6 of the Dungeon.
             The game lasted 00:15:39 (6752 turns).

NinjaNoafa the Summoner (Gnoll Summoner)            Turns: 6752, Time: 00:15:39

Health: 0/66       AC:  9    Str: 13    XL:     9   Next: 57%
Magic:  19/19      EV: 20    Int: 21    God:    Cheibriados [*.....]
Gold:   305        SH:  0    Dex: 16    Spells: 9/21 levels left

rFire   + . .      SeeInvis .    B - +0 lajatang
rCold   . . .      Faith    .    (shield currently unavailable)
rNeg    . . .      Spirit   .    q - +1 leather armour "Etughut" {rPois rF+ rCorr Str-4}
rPois   +          Reflect  .    (no helmet)
rElec   .          Harm     .    (no cloak)
rCorr   +          Rampage  .    x - +2 pair of gloves
Will    .....                    i - +0 pair of boots
Stlth   +++                      (no amulet)
HPRegen 0.31/turn                C - +5 ring of evasion
MPRegen 0.16/turn                F - +6 ring of strength

@: about to teleport, very slow
A: fangs 1, strong nose, distributed training
a: Renounce Religion, Bend Time


You were on level 6 of the Dungeon.
You worshipped Cheibriados.
Cheibriados was aware of your devotion.
You visited 2 branches of the dungeon, and saw 7 of its levels.

You collected 305 gold pieces.

Inventory:

Hand Weapons
 B - a +0 lajatang (weapon)
 E - a +3 trident
 G - a +2 spear of pain
Missiles
 a - 4 datura-tipped darts
 A - 4 boomerangs
Armour
 i - a +0 pair of boots (worn)
 q - the +1 leather armour "Etughut" (worn) {rPois rF+ rCorr Str-4}
   (You found it on level 2 of the Dungeon)

   Str:       It affects your strength (-4).
   rF:        It protects you from fire.
   rPois:     It protects you from poison.
   rCorr:     It protects you from acid and corrosion.
 x - a +2 pair of gloves (worn)
Jewellery
 d - a +6 ring of dexterity
 m - a ring of see invisible
 s - a ring of protection from cold
 C - a +5 ring of evasion (left hand)
 F - a +6 ring of strength (right hand)
Scrolls
 c - a scroll of fear {unknown}
 f - a scroll of identify
 k - 4 scrolls of teleportation
 l - a scroll of immolation {unknown}
 t - a scroll of butterflies {unknown}
 u - a scroll of enchant weapon {unknown}
 y - a scroll of blinking {unknown}
 z - a scroll of acquirement {unknown}
Potions
 b - a potion of magic
 e - a potion of heal wounds
 h - 2 potions of lignification {unknown}
 j - a potion of attraction {unknown}
 n - 6 potions of curing
 o - a potion of cancellation
 p - a potion of mutation {unknown}
 r - 5 potions of flight
 w - a potion of brilliance {unknown}
 D - a potion of resistance {unknown}


   Skills:
 + Level 4.5 Fighting
 + Level 4.5 Short Blades
 + Level 4.5 Long Blades
 + Level 4.5 Axes
 + Level 4.5 Maces & Flails
 + Level 4.5 Polearms
 + Level 4.5 Staves
 + Level 4.5 Ranged Weapons
 + Level 4.5 Throwing
 + Level 4.5 Armour
 + Level 6.5 Dodging
 + Level 6.2 Stealth
 + Level 4.5 Shields
 + Level 4.5 Unarmed Combat
 + Level 6.8 Spellcasting
 + Level 3.7 Conjurations
 + Level 3.7 Hexes
 + Level 8.1 Summonings
 + Level 3.7 Necromancy
 + Level 3.7 Translocations
 + Level 3.7 Transmutations
 + Level 3.7 Fire Magic
 + Level 3.7 Ice Magic
 + Level 3.7 Air Magic
 + Level 3.7 Earth Magic
 + Level 3.7 Poison Magic
 + Level 5.0 Invocations
 + Level 4.5 Evocations


You had 9 spell levels left.
You knew the following spells:

 Your Spells              Type           Power      Damage    Failure   Level
a - Summon Small Mammal   Summ           100%       N/A       1%          1
b - Call Imp              Summ           41%        N/A       1%          2
c - Call Canine Familiar  Summ           41%        N/A       1%          3
d - Summon Guardian Gole  Hex/Summ       32%        N/A       2%          3
e - Necrotise             Necr           92%        1d8       2%          1
g - Poisonous Vapours     Pois/Air       46%        N/A       3%          2

Your spell library contained the following spells:

 Spells                   Type           Power      Damage    Failure   Level
 Apportation              Tloc           46%        N/A       2%          1
 Sting                    Tmut/Pois      92%        1d7       2%          1
 Ensorcelled Hibernation  Hex/Ice        46%        N/A       3%          2
 Passwall                 Tmut/Erth      19%        N/A       3%          2
 Ignite Poison            Fire/Tmut/Pois 23%        N/A       7%          3
 Swiftness                Air            23%        N/A       7%          3
 Summon Lightning Spire   Summ/Air       32%        N/A       10%         4
 Olgreb's Toxic Radiance  Pois           23%        N/A       24%         4
 Sticky Flame             Conj/Fire      23%        2d4       24%         4
 Ignition                 Fire           11%        3d5       100%        8


Dungeon Overview and Level Annotations

Branches:
Dungeon (6/15)             Temple (1/1) D:5

Altars:
Ashenzari
Cheibriados
Dithmenos
Elyvilon
Fedhas
Gozag
Hepliaklqana
Kikubaaqudgha
Makhleb
Nemelex Xobeh
Okawaru
Qazlal
Trog
Vehumet
Xom
Yredelemnul
Zin

Shops:
D:6 [


Innate Abilities, Weirdness & Mutations

You have very sharp teeth.
Your uncanny sense of smell can sniff out nearby items.
Your experience applies equally to all skills.


Message History

You hear the rapid rusting of a very distant drain.
Your wolf misses the electric eel.
Your wolf closely misses the electric eel.
The electric eel shoots out a bolt of lightning at you!
The bolt of electricity hits your wolf!
Your wolf dies!
Your wolf's corpse disappears in a puff of smoke!
The bolt of electricity hits you.
The electric eel shoots out a bolt of lightning at you!
The bolt of electricity hits you!
The electric eel shoots out a bolt of lightning at you!
The bolt of electricity misses the electric eel.
The bolt of electricity hits you.
* * * LOW HITPOINT WARNING * * *
Okay, then.
The electric eel shoots out a bolt of lightning at you!
The bolt of electricity hits the electric eel.
The electric eel completely resists.
The bolt of electricity hits you.
* * * LOW HITPOINT WARNING * * *
The electric eel shoots out a bolt of lightning at you!
The bolt of electricity misses you.
You feel much better.
The electric eel shoots out a bolt of lightning at you!
The bolt of electricity misses you. The orc barely misses you.
As you read the scroll of teleportation, it crumbles to dust.
You feel strangely unstable.
The electric eel shoots out a bolt of lightning at you!
The bolt of electricity hits you!
The electric eel shoots out a bolt of lightning at you!
The bolt of electricity hits the electric eel.
The electric eel completely resists.
The bolt of electricity hits you!
* * * LOW HITPOINT WARNING * * *
The orc barely misses you.
The electric eel shoots out a bolt of lightning at you!
The bolt of electricity hits you.
* * * LOW HITPOINT WARNING * * *
The orc hits you but does no damage.
The electric eel shoots out a bolt of lightning at you!
The bolt of electricity hits you!
You die...

....o~♣ ≈≈≈≈
.....~♣~~ ≈≈≈≈
#.##.♣~~~≈≈≈≈≈
#.##.#~~ ~~≈≈≈~♣
#...[.♣ ~~~~≈≈~~
#.....♣♣~~~~P~~P
###o....♣~P~~♣P~P♣
#.@......♣ ~~~~~~
####.....♣♣~~~~♣
#........SS~♣
#........#.♣~P~~~
#........#.#♣♣♣P♣
#........#.#.♣♣♣###
#.....####.........
...............#####
##############..#


You could see an electric eel and an orc.

Vanquished Creatures
  Duvessa (D:6)
  2 phantoms
  Dowan (D:6)
  A howler monkey (D:6)
  A hound (D:5)
  2 iguanas (D:5)
  3 adders
  2 white imps
  6 orcs
  An endoplasm (D:4)
  2 jackals (D:5)
  3 kobolds (D:6)
  A quokka (D:4)
  A rat (D:2)
27 creatures vanquished.

Vanquished Creatures (collateral kills)
  An ogre (D:5)
  An ice beast (D:6)
  2 centaurs (D:6)
  A phantom (D:6)
  A kobold brigand (D:6)
  2 scorpions
  An electric eel (D:6)
  A jelly (D:5)
  A hound (D:5)
  4 orc priests
  2 iguanas (D:6)
  2 adders
  A white imp (D:6)
  A worm (D:2)
  7 dart slugs
  15 orcs
  5 bats
  5 endoplasms
  4 giant cockroaches
  5 goblins
  9 hobgoblins
  5 jackals
  4 quokkas
  11 ball pythons
  3 frilled lizards
  9 kobolds
  3 rats
106 creatures vanquished.

Vanquished Creatures (others)
  Pikel (D:4)
  Eustachio (D:5)
  Edmund (D:4)
  2 ogres (D:6)
  An orc warrior (D:5)
  A centaur (D:5)
  A lemure (D:4)
  An orc priest (D:2)
  A kobold (D:6)
  A ball python (D:4)
  15 plants (D:6)
26 creatures vanquished.

Grand Total: 159 creatures vanquished

Notes
Turn   | Place    | Note
-------+----------+-------------------------------------------
     0 | D:1      | NinjaNoafa the Gnoll Summoner began the quest for the Orb.
     0 | D:1      | Reached XP level 1. HP: 13/13 MP: 6/6
     2 | D:1      | Noticed a ghoul
     2 | D:1      | Noticed a tengu
     4 | D:1      | Noticed an elf
     4 | D:1      | Noticed a gargoyle
     6 | D:1      | Noticed a formicid
     8 | D:1      | Noticed a felid
    10 | D:1      | Noticed a demigod
    10 | D:1      | Noticed a spriggan
    12 | D:1      | Noticed a minotaur
    12 | D:1      | Noticed a draconian
    14 | D:1      | Noticed a troll
    14 | D:1      | Noticed an ogre
    16 | D:1      | Noticed a vampire
    16 | D:1      | Noticed an armataur
    18 | D:1      | Noticed a naga
    21 | D:1      | Noticed an octopode
    21 | D:1      | Noticed a vine stalker
    23 | D:1      | Noticed a human
    23 | D:1      | Noticed a merfolk
    25 | D:1      | Noticed a demonspawn
    25 | D:1      | Noticed a human
    27 | D:1      | Noticed a demonspawn
   240 | D:1      | Reached XP level 2. HP: 19/19 MP: 4/7
   424 | D:1      | Learned a level 2 spell: Call Imp
   750 | D:1      | Reached skill level 5 in Spellcasting
   750 | D:1      | Reached XP level 3. HP: 25/25 MP: 4/9
   826 | D:1      | Learned a level 3 spell: Call Canine Familiar
  1147 | D:2      | Reached skill level 1 in Invocations
  1251 | D:2      | Identified the +1 leather armour "Etughut" {rPois rF+ rCorr
                  | Str-4}
  1297 | D:2      | Reached skill level 1 in Fighting
  1297 | D:2      | Reached skill level 1 in Short Blades
  1297 | D:2      | Reached skill level 1 in Long Blades
  1297 | D:2      | Reached skill level 1 in Axes
  1297 | D:2      | Reached skill level 1 in Maces & Flails
  1297 | D:2      | Reached skill level 1 in Polearms
  1297 | D:2      | Reached skill level 1 in Staves
  1297 | D:2      | Reached skill level 1 in Ranged Weapons
  1297 | D:2      | Reached skill level 1 in Throwing
  1297 | D:2      | Reached skill level 1 in Armour
  1297 | D:2      | Reached skill level 1 in Shields
  1297 | D:2      | Reached skill level 1 in Unarmed Combat
  1297 | D:2      | Reached skill level 1 in Evocations
  1588 | D:2      | Found a faded altar of an unknown god.
  2010 | D:3      | Reached XP level 4. HP: 32/32 MP: 8/11
  2245 | D:2      | Learned a level 3 spell: Summon Guardian Golem
  2359 | D:2      | Reached skill level 1 in Conjurations
  2359 | D:2      | Reached skill level 1 in Hexes
  2359 | D:2      | Reached skill level 1 in Necromancy
  2359 | D:2      | Reached skill level 1 in Translocations
  2359 | D:2      | Reached skill level 1 in Transmutations
  2359 | D:2      | Reached skill level 1 in Fire Magic
  2359 | D:2      | Reached skill level 1 in Ice Magic
  2359 | D:2      | Reached skill level 1 in Air Magic
  2359 | D:2      | Reached skill level 1 in Earth Magic
  2359 | D:2      | Reached skill level 1 in Poison Magic
  2530 | D:3      | Reached XP level 5. HP: 37/37 MP: 5/12
  2825 | D:3      | Identified the +6 plate armour "Feorroury" {Will+ Dex+3}
  3185 | D:4      | Reached XP level 6. HP: 38/44 MP: 13/13
  3317 | D:4      | Noticed Pikel
  3364 | D:4      | Found a bloodstained altar of Trog.
  3496 | D:4      | Noticed Edmund
  3506 | D:4      | Killed Edmund
  3507 | D:4      | Reached skill level 5 in Dodging
  3600 | D:4      | Killed Pikel
  3601 | D:4      | Reached skill level 5 in Stealth
  3601 | D:4      | Reached XP level 7. HP: 47/51 MP: 2/15
  3800 | D:4      | Found a sand-covered staircase.
  4119 | D:4      | Reached XP level 8. HP: 53/58 MP: 10/16
  4693 | D:5      | Entered Level 5 of the Dungeon
  4878 | D:5      | Learned a level 1 spell: Necrotise
  4974 | D:5      | Found a staircase to the Ecumenical Temple.
  4990 | Temple   | Entered the Ecumenical Temple
  5023 | Temple   | Became a worshipper of Cheibriados the Contemplative
  5187 | D:5      | Learned a level 1 spell: Sting
  5355 | D:5      | Noticed Eustachio
  5371 | D:5      | Killed Eustachio
  5880 | D:5      | Learned a level 2 spell: Poisonous Vapours
  6291 | D:6      | Noticed Duvessa
  6291 | D:6      | Noticed Dowan
  6296 | D:6      | Found a glowing silver altar of Zin.
  6310 | D:6      | Killed Duvessa
  6311 | D:6      | Reached XP level 9. HP: 60/65 MP: 9/18
  6312 | D:6      | Found an ancient bone altar of Kikubaaqudgha.
  6312 | D:6      | Found a burning altar of Makhleb.
  6317 | D:6      | Killed Dowan
  6455 | D:6      | Reached skill level 8 in Summonings
  6546 | D:6      | Reached * piety under Cheibriados
  6637 | D:6      | Found Vish's Armour Boutique.
  6678 | D:6      | Reached skill level 5 in Invocations
  6752 | D:6      | Killed from afar by an electric eel

Illustrated notes

Levels and vault maps discovered:
D:1:      kb_arrival_jail, layout_rooms, minmay_misc_feat_rows
D:2:      layout_basic, serial_aquarium, aquarium_bridge_straight
          [aquarium_subvault_bridge, aquarium_subvault_wall,
          aquarium_subvault_bridge, aquarium_subvault_wall],
          aquarium_bridge_straight [aquarium_subvault_bridge,
          aquarium_subvault_window, aquarium_subvault_bridge,
          aquarium_subvault_wall], aquarium_window_corner, aquarium_window_1,
          aquarium_view_4, aquarium_view_2b, aquarium_balcony_5b,
          ebering_ecumenical_altar_box, minmay_divided_ellipse
D:3:      layout_basic, kennysheep_boxes
D:4:      layout_basic, trog_three_pillars_becter, nicolae_ossuary_entry_ruins,
          kennysheep_windowed_goal, uniq_pikel, uniq_edmund
D:5:      layout_basic, minmay_temple_entry_offerings,
          dreamdust_princess_bridge, uniq_eustachio
D:6:      layout_basic, chequers_temple_overflow_statue_of_worship,
          gup_sewer_entry_pipe, serial_shops, nicolae_shop_advertising_works
          [nicolae_subvault_shop_adworks], serial_bayou_lake_a, uniq_duvessa,
          uniq_blork_the_orc
Temple:   nicolae_temple_bog_church

Skill      XL: |  1  2  3  4  5  6  7  8  9 |
---------------+----------------------------+-----
Spellcasting   | 5 6 |  6.8
Invocations    | 1 2 3 4 5 |  5.0
Fighting       | 1 2 3 4 |  4.5
Short Blades   | 1 2 3 4 |  4.5
Long Blades    | 1 2 3 4 |  4.5
Axes           | 1 2 3 4 |  4.5
Maces & Flails | 1 2 3 4 |  4.5
Polearms       | 1 2 3 4 |  4.5
Staves         | 1 2 3 4 |  4.5
Ranged Weapons | 1 2 3 4 |  4.5
Throwing       | 1 2 3 4 |  4.5
Armour         | 1 2 3 4 |  4.5
Shields        | 1 2 3 4 |  4.5
Unarmed Combat | 1 2 3 4 |  4.5
Evocations     | 1 2 3 4 |  4.5
Conjurations   | 1 2 3 |  3.7
Hexes          | 1 2 3 |  3.7
Necromancy     | 1 2 3 |  3.7
Translocations | 1 2 3 |  3.7
Transmutations | 1 2 3 |  3.7
Fire Magic     | 1 2 3 |  3.7
Ice Magic      | 1 2 3 |  3.7
Air Magic      | 1 2 3 |  3.7
Earth Magic    | 1 2 3 |  3.7
Poison Magic   | 1 2 3 |  3.7
Dodging        | 5 6 |  6.5
Stealth        | 5 6 |  6.2
Summonings     | 8 |  8.1

Action                   |  1- 3 |  4- 6 |  7- 9 || total
-------------------------+-------+-------+-------++-------
Melee: Dagger            |     9 |    33 |    13 ||    55
       Bite              |     1 |     5 |     7 ||    13
       Punch             |       |     1 |     1 ||     2
       Lajatang          |       |       |    65 ||    65
       Spear             |       |       |     8 ||     8
       Trident           |       |       |     1 ||     1
 Cast: Summon Small Mamm |    33 |    19 |    27 ||    79
       Call Imp          |     6 |    12 |    15 ||    33
       Call Canine Famil |     8 |     9 |    15 ||    32
       Summon Guardian G |       |     9 |    12 ||    21
       Necrotise         |       |       |    12 ||    12
       Sting             |       |       |     5 ||     5
       Poisonous Vapours |       |       |     3 ||     3
  Use: Scroll            |       |     3 |     6 ||     9
       Potion            |       |     2 |     1 ||     3
 Stab: Sleeping          |     1 |       |       ||     1
       Distracted        |       |       |     3 ||     3
Armor: Robe              |     7 |       |       ||     7
       Leather armour    |     1 |    20 |    33 ||    54
Dodge: Dodged            |    41 |    35 |   147 ||   223

Table legend: (Time is in decaauts)
 A = Elapsed time spent in this place.
 B = Non-inter-level travel time spent in this place.
 C = Inter-level travel time spent in this place.
 D = Time resting spent in this place.
 E = Time spent auto-exploring this place.
 F = Levels seen in this place.
 G = Mean time per level.
                   A        B        C        D        E       F      G
               +--------+--------+--------+--------+--------+-----+--------+
         Total |   7113 |   6703 |    410 |     38 |   4735 |   7 | 1016.1 |
       Dungeon |   6886 |   6498 |    388 |     38 |   4544 |   6 | 1147.7 |
        Temple |    227 |    205 |     22 |      0 |    190 |   1 |  227.0 |
               +--------+--------+--------+--------+--------+-----+--------+

Top non-repeatable levels by time:
     D:5: 1668 daAuts
     D:4: 1506 daAuts
     D:2: 1265 daAuts
     D:1: 965 daAuts
     D:3: 916 daAuts
     D:6: 564 daAuts
  Temple: 227 daAuts
